 Dungeon Crawl Stone Soup version 0.21.1-1-g345015f (webtiles) character file.

382 Fang the Chopper (level 6, -2/39 HPs)
             Began as a Gargoyle Berserker on May 31, 2018.
             Was a Priest of Trog.
             Slain by a worker ant (6 damage)
             ... on level 4 of the Dungeon.
             The game lasted 00:03:55 (2329 turns).

Fang the Chopper (Gargoyle Berserker)               Turns: 2329, Time: 00:03:55

Health: -2/39      AC:  8    Str: 22    XL:     6   Next: 76%
Magic:  6/6        EV: 12    Int:  8    God:    Trog [***...]
Gold:   155        SH:  0    Dex:  9    Spells: 5/5 levels left

rFire    . . .     SeeInvis .   a - +0 hand axe
rCold    . . .     Gourm    .   (no shield)
rNeg     + . .     Faith    .   b - +0 animal skin
rPois    ∞         Spirit   .   (no helmet)
rElec    +         Reflect  .   (no cloak)
rCorr    .         Harm     .   o - +1 pair of gloves
MR       .....                  (no boots)
Stlth    ++........             (no amulet)
HPRegen  0.13/turn              (no ring)
MPRegen  0.10/turn              (no ring)

@: no status effects
A: negative energy resistance 1, electricity resistance, unbreathing,
petrification resistance, rot immunity, AC +4
a: Berserk, Trog's Hand, Burn Spellbooks, Renounce Religion


You were on level 4 of the Dungeon.
You worshipped Trog.
Trog was most pleased with you.
You were not hungry.

You visited 1 branch of the dungeon, and saw 4 of its levels.

You collected 155 gold pieces.

Inventory:

Hand Weapons
 a - a +0 hand axe (weapon)
Missiles
 m - 6 javelins (quivered)
Armour
 b - a +0 animal skin (worn)
 o - a +1 pair of gloves (worn)
Jewellery
 i - an uncursed ring of magical power {unknown}
 s - an uncursed ring of ice {unknown}
Wands
 k - a wand of iceblast (6)
Scrolls
 g - a scroll of teleportation {unknown}
 h - a scroll of fog {unknown}
 j - 2 scrolls of random uselessness {unknown}
 p - a scroll of remove curse {unknown}
 q - a scroll of amnesia {unknown}
 t - a scroll of fear {unknown}
 u - 2 scrolls of identify {unknown}
Potions
 d - 3 potions of heal wounds {unknown}
 e - 2 potions of curing {unknown}
 f - 2 potions of haste {unknown}
 l - a potion of agility {unknown}
 n - a potion of mutation {unknown}
 r - a potion of might {unknown}
Comestibles
 c - 8 rations
 v - 5 chunks of flesh


   Skills:
 + Level 4.5 Fighting
 + Level 5.2 Axes
 + Level 2.4 Armour
 + Level 2.7 Dodging
 + Level 1.5 Stealth


You had 5 spell levels left.
You didn't know any spells.

Dungeon Overview and Level Annotations

Branches:
Dungeon (4/15)
 Temple: D:4-7

Altars:
Cheibriados
Gozag
Makhleb
Ru
Sif Muna
Vehumet
Wu Jian
Yredelemnul
The Shining One


Innate Abilities, Weirdness & Mutations

You are resistant to torment.
Your stone body is resilient. (AC +4)
You are immune to poison.
You resist negative energy. (rN+)
You are resistant to electric shocks. (rElec)
You can survive without breathing.
You are immune to petrification.
You are immune to rotting.


Message History

The worker ant is lightly wounded.
The worker ant bites you.
* * * LOW HITPOINT WARNING * * *
The worker ant waves its antennae.
The worker ant barely misses you.
You closely miss the worker ant.
The worker ant is lightly wounded.
The worker ant barely misses you.
You hit the worker ant.
The worker ant is moderately wounded.
The worker ant bites you.
* * * LOW HITPOINT WARNING * * *
You closely miss the worker ant.
The worker ant is moderately wounded.
The worker ant closely misses you.
The worker ant bites you but does no damage.
You barely miss the worker ant.
The worker ant is moderately wounded.
The worker ant bites you.
You die...

..........#######......#....#
..........#....##..##..#....#
###...÷..#....######..# ...#
+......#....# #..# ..+
#......'....# #..#
#......##+###########
###......)..........
#......)).........
#.........@a......
#............?....
###+#.......###### #.......#
#.......# #.......# #.......#
#.......#


You could see a worker ant.

Vanquished Creatures
  Grinder (D:4)
  A hound (D:4)
  An orc wizard (D:4)
  4 adders
  3 oozes
  An adder skeleton (D:4)
  4 worms
  A dart slug (D:2)
  A leopard gecko (D:2)
  3 orcs (D:4)
  2 giant cockroaches (D:3)
  8 goblins
  11 hobgoblins
  6 jackals
  5 kobolds
  A ball python (D:3)
  3 bats (D:2)
  2 frilled lizards
  7 rats
65 creatures vanquished.

Notes
Turn   | Place    | Note
-------+----------+-------------------------------------------
     0 | D:1      | Fang the Gargoyle Berserker began the quest for the Orb.
     0 | D:1      | Reached XP level 1. HP: 14/14 MP: 1/1
   165 | D:1      | Reached XP level 2. HP: 17/19 MP: 2/2
   170 | D:1      | Reached skill level 3 in Axes
   638 | D:2      | Reached XP level 3. HP: 20/24 MP: 3/3
   757 | D:2      | Reached ** piety under Trog
  1212 | D:2      | Reached XP level 4. HP: 20/29 MP: 4/4
  1535 | D:3      | Reached skill level 1 in Stealth
  1779 | D:3      | Reached skill level 4 in Axes
  1786 | D:3      | Found a glowing golden altar of the Shining One.
  1911 | D:3      | You fall through a shaft!
  1947 | D:4      | Found a basalt altar of Yredelemnul.
  1954 | D:4      | Found a deep blue altar of Sif Muna.
  1955 | D:4      | Found a radiant altar of Vehumet.
  1955 | D:4      | Found a snail-covered altar of Cheibriados.
  1956 | D:4      | Found an ornate altar of the Wu Jian Council.
  1957 | D:4      | Found a burning altar of Makhleb.
  1958 | D:4      | Found an opulent altar of Gozag.
  2055 | D:4      | Reached XP level 5. HP: 30/33 MP: 5/5
  2077 | D:4      | Found a sacrificial altar of Ru.
  2122 | D:4      | Noticed Grinder
  2128 | D:4      | Paralysed by Grinder for 2 turns
  2142 | D:4      | Killed Grinder
  2142 | D:4      | Reached skill level 5 in Axes
  2142 | D:4      | Reached XP level 6. HP: 39/39 MP: 6/6
  2283 | D:4      | Reached *** piety under Trog
  2329 | D:4      | Slain by a worker ant

Skill      XL: |  1  2  3  4  5 |
---------------+----------------+-----
Axes           | 3 4 5 |  5.2
Stealth        | 1 |  1.5
Fighting       | 4 |  4.5
Dodging        | 2 |  2.7
Armour         | |  2.4

Action                   |  1- 3 |  4- 6 || total
-------------------------+-------+-------++-------
Melee: Hand axe          |   106 |   143 ||   249
Invok: Berserk           |     1 |     2 ||     3
 Stab: Sleeping          |     1 |       ||     1
  Eat: Chunk             |     2 |     5 ||     7
Armor: Animal skin       |    35 |    60 ||    95
Dodge: Dodged            |    69 |    98 ||   167
